 Dungeon Crawl Stone Soup version 0.29-a0-648-g6b26cc9f40 (webtiles) character file.

Game seed: 16867760782480461575

42 Gus979 the Skirmisher (level 3, -2/29 HPs)
             Began as a Human Fighter on June 20, 2022.
             Was an Initiate of Hepliaklqana.
             Slain by Jessica
             ... wielding a +4 club
              (5 damage)
             ... on level 2 of the Dungeon.
             The game lasted 00:02:38 (1358 turns).

Gus979 the Skirmisher (Human Fighter)               Turns: 1358, Time: 00:02:40

Health: -2/29      AC:  6    Str: 16    XL:     3   Next: 77%
Magic:  3/3        EV:  8    Int: 10    God:    Hepliaklqana [......]
Gold:   55         SH:  4    Dex: 12    Spells: 2/2 levels left

rFire   . . .      SeeInvis .   a - +0 trident
rCold   . . .      Faith    .   c - +0 buckler
rNeg    . . .      Spirit   .   b - +0 scale mail
rPois   .          Reflect  .   (no helmet)
rElec   .          Harm     .   (no cloak)
rCorr   .          Rampage  .   (no gloves)
Will    .....                   (no boots)
Stlth   ..........              (no amulet)
HPRegen 0.09/turn               (no ring)
MPRegen 0.08/turn               (no ring)

@: no status effects
A: no striking features
a: Renounce Religion


You were on level 2 of the Dungeon.
You worshipped Hepliaklqana.
Hepliaklqana was noncommittal.
You visited 1 branch of the dungeon, and saw 2 of its levels.

You collected 55 gold pieces.

Inventory:

Hand Weapons
 a - a +0 trident (weapon)
Armour
 b - a +0 scale mail (worn)
 c - a +0 buckler (worn)
 k - a +0 ring mail
Jewellery
 j - a ring of poison resistance
Wands
 n - a wand of polymorph (9)
Scrolls
 f - a scroll of brand weapon {unknown}
 h - 2 scrolls of identify {unknown}
 l - a scroll of blinking {unknown}
 o - a scroll of teleportation {unknown}
Potions
 d - a potion of might
 e - a potion of degeneration {unknown}
 g - 2 potions of attraction {unknown}
 i - a potion of heal wounds {unknown}
 m - a potion of curing {unknown}
 p - a potion of lignification {unknown}
 q - a potion of mutation {unknown}


   Skills:
 + Level 3.4 Fighting
 + Level 2.5 Polearms
 + Level 3.3 Armour
 + Level 3.4 Shields


You had 2 spell levels left.
You didn't know any spells.
Your spell library contained the following spells:

 Spells                   Type           Power      Damage    Failure   Level
 Magic Dart               Conj           0%         1d3       87%         1
 Searing Ray              Conj           0%         2d4       95%         2
 Fulminant Prism          Conj/Hex       0%         3d6       100%        4


Dungeon Overview and Level Annotations

Branches:
Dungeon (2/15)

Altars:
Hepliaklqana

Annotations:
D:2 Jessica


Message History

Hepliaklqana welcomes you!
Found a stone staircase leading up.
No target in view!
No target in view!
Found a stone staircase leading down.
You see here a +0 club.
There is a stone staircase leading down here.
You now have 55 gold pieces (gained 5).
You open the door.
Jessica and a quokka come into view.
Jessica shouts!
Jessica mumbles some strange words.
Jessica blinks!
Found a fuming clear potion and 11 gold pieces.
You hit the quokka.
The quokka is heavily wounded.
The quokka barely misses you.
Jessica grins evilly.
Jessica gestures wildly while chanting.
Jessica blinks!
You puncture the quokka!
You kill the quokka!
You barely miss Jessica. Jessica hits you with a +4 club!
Jessica gestures wildly while chanting.
Jessica seems to speed up.
You barely miss Jessica. Jessica hits you with a +4 club!
You barely miss Jessica. Jessica hits you with a +4 club.
Jessica gestures wildly while chanting.
Jessica blinks!
There is an open door here.
You see here a fuming clear potion.
You block Jessica's attack.
You hit Jessica.
Jessica is moderately wounded.
Jessica grins evilly.
Jessica gestures at you while chanting. Pain shoots through your body!
* * * LOW HITPOINT WARNING * * *
Jessica hits you with a +4 club.
You die...

#.# ##+## #.# ##...##
#.### ##.....## #.#.##
##.......## #
####....####.........####
#..........+.........'...
#.##......@#.........###.
#.#..##@##..#.......## #.
#...##..@##..#.....## #.
#...#....!#..##...## #.
#...#....$#..###+## #.
#...#.....#..# # #.
#...##...##..###.# #.
###..#####....##.## ##
##.......##.#...####
##.....###...........#
##............##.....


You could see Jessica (fast).

Vanquished Creatures
  2 adders (D:2)
  4 bats
  2 endoplasms
  2 giant cockroaches (D:1)
  A goblin (D:2)
  A hobgoblin (D:2)
  2 quokkas
  3 ball pythons
  3 kobolds
  4 rats
24 creatures vanquished.

Notes
Turn   | Place    | Note
-------+----------+-------------------------------------------
     0 | D:1      | Gus979 the Human Fighter began the quest for the Orb.
     0 | D:1      | Reached XP level 1. HP: 18/18 MP: 1/1
   400 | D:1      | Reached XP level 2. HP: 24/24 MP: 2/2
   410 | D:1      | Found a faded altar of an unknown god.
   985 | D:2      | Reached XP level 3. HP: 29/29 MP: 3/3
  1145 | D:2      | Found a hazy altar of Hepliaklqana.
  1251 | D:2      | Became a worshipper of Hepliaklqana the Forgotten
  1345 | D:2      | Noticed Jessica
  1358 | D:2      | Slain by Jessica

Illustrated notes

Levels and vault maps discovered:
D:1:      onia_arrival_mini_spirals, layout_loops_ring,
          hellmonk_ecumenical_altar_blasted
D:2:      layout_loops_corners, basic_altar, serial_forest,
          infiniplex_forest_corner_1, infiniplex_forest_lined_corner,
          infiniplex_forest_lined_3, infiniplex_forest_straight_5,
          infiniplex_forest_end_1, infiniplex_forest_corner_2,
          kennysheep_jessica_study

Action                   || total
-------------------------++-------
Melee: Trident           ||    59
Armor: Scale mail        ||    16
Dodge: Dodged            ||    13
Block: Buckler           ||    10

Table legend: (Time is in decaauts)
 A = Elapsed time spent in this place.
 B = Non-inter-level travel time spent in this place.
 C = Inter-level travel time spent in this place.
 D = Time resting spent in this place.
 E = Time spent auto-exploring this place.
 F = Levels seen in this place.
 G = Mean time per level.
                   A        B        C        D        E       F      G
               +--------+--------+--------+--------+--------+-----+--------+
         Total |   1370 |   1301 |     69 |      0 |   1144 |   2 |  685.0 |
       Dungeon |   1370 |   1301 |     69 |      0 |   1144 |   2 |  685.0 |
               +--------+--------+--------+--------+--------+-----+--------+

Top non-repeatable levels by time:
     D:1: 886 daAuts
     D:2: 484 daAuts
